 Dungeon Crawl Stone Soup version 0.29-a0-529-gfa20dd96a1 (webtiles) character file.

Game seed: 3221780678653698950

6822 happo123 the Covert (level 11, -2/64 HPs)
             Began as a Kobold Enchanter on June 2, 2022.
             Was a Priest of Fedhas.
             Slain by a boulder beetle (19 damage)
             ... on level 8 of the Dungeon.
             The game lasted 00:49:13 (10773 turns).

happo123 the Covert (Kobold Enchanter)             Turns: 10773, Time: 00:49:15

Health: -2/64      AC:  7    Str:  6    XL:     11   Next: 25%
Magic:  29/29      EV: 18    Int: 21    God:    Fedhas [***...]
Gold:   125        SH:  0    Dex: 21    Spells: 14/22 levels left

rFire   . . .      SeeInvis .   F - +4 dagger (freeze)
rCold   . . .      Faith    .   (no shield)
rNeg    . . .      Spirit   .   z - +1 leather armour {Will+}
rPois   .          Reflect  .   e - +1 hat
rElec   .          Harm     .   D - +1 cloak {rCorr}
rCorr   +          Rampage  .   (no gloves)
Will    +....                   (no boots)
Stlth   +++++.....              x - amulet of magic regeneration
HPRegen 0.20/turn               i - +6 ring of dexterity
MPRegen 0.61/turn               j - ring of magical power

@: no status effects
A: small, no large weapons, nightstalker 3
a: Renounce Religion, Wall of Briars, Grow Ballistomycete


You were on level 8 of the Dungeon.
You worshipped Fedhas.
Fedhas was most pleased with you.
You visited 2 branches of the dungeon, and saw 9 of its levels.
You also visited: Sewer.

You collected 362 gold pieces.
You spent 237 gold pieces at shops.

Inventory:

Hand Weapons
 a - a +1 dagger
 F - a +4 dagger of freezing (weapon)
 I - a +2 hand crossbow of flaming
Armour
 e - a +1 hat (worn)
 z - a +1 leather armour of willpower (worn)
 D - a +1 cloak of preservation (worn)
 J - +0 acid dragon scales
 L - +0 steam dragon scales
Magical Staves
 K - a staff of death
Jewellery
 i - a +6 ring of dexterity (left hand)
 j - a ring of magical power (right hand)
 x - an amulet of magic regeneration (around neck)
 y - a +4 ring of evasion
 C - a ring of protection from cold
 M - a ring of protection from cold
Wands
 E - a wand of paralysis (19)
 N - a wand of flame (13)
Scrolls
 b - a scroll of blinking {unknown}
 f - 5 scrolls of teleportation
 g - a scroll of enchant armour {unknown}
 m - 2 scrolls of identify
 o - 4 scrolls of noise
 p - 2 scrolls of vulnerability
 s - 2 scrolls of poison
 v - a scroll of torment {unknown}
 w - a scroll of amnesia {unknown}
 A - a scroll of magic mapping {unknown}
 G - a scroll of fog {unknown}
 H - a scroll of summoning
Potions
 c - 4 potions of invisibility
 h - a potion of heal wounds {unknown}
 k - 3 potions of ambrosia {unknown}
 l - 6 potions of curing
 n - a potion of resistance {unknown}
 q - 3 potions of degeneration
 r - 2 potions of berserk rage
 t - a potion of might {unknown}
 u - 3 potions of flight
 B - 4 potions of brilliance


   Skills:
 + Level 5.9 Fighting
 + Level 7.3 Short Blades
 + Level 4.4 Crossbows
 + Level 3.7 Armour
 + Level 7.0 Dodging
 + Level 9.0 Stealth
 + Level 6.0 Spellcasting
 * Level 8.7 Hexes
 + Level 4.3 Invocations


You had 14 spell levels left.
You knew the following spells:

 Your Spells              Type           Power      Damage    Failure   Level
a - Ensorcelled Hibernat  Hex/Ice        48%        N/A       3%          2
b - Confusing Touch       Hex            43%        N/A       1%          3
c - Tukima's Dance        Hex            43%        N/A       1%          3

Your spell library contained the following spells:

 Spells                   Type           Power      Damage    Failure   Level
 Dazzling Flash           Conj/Hex       48%        N/A       8%          3
 Apportation              Tloc           12%        N/A       14%         1
 Necrotize                Necr           24%        1d5       14%         1
 Summon Small Mammal      Summ           24%        N/A       14%         1
 Blade Hands              Tmut           3%         N/A       99%         5
 Irradiate                Conj/Tmut      3%         3d14      99%         5
 Dragon Form              Tmut           3%         N/A       100%        7


Dungeon Overview and Level Annotations

Branches:
Dungeon (8/15)             Temple (1/1) D:5            Lair (0/6) D:8
  Sewer (visited)

Altars:
Ashenzari
Cheibriados
Dithmenos
Elyvilon
Fedhas
Hepliaklqana
Kikubaaqudgha
Makhleb
Nemelex Xobeh
Okawaru
Qazlal
Ru
Sif Muna
Trog
Uskayaw
Vehumet
Wu Jian
Xom
Yredelemnul
Zin
The Shining One

Shops:
D:4 (   D:6 =


Innate Abilities, Weirdness & Mutations

You are small and have problems with some larger weapons.
You are completely attuned to the shadows.


Message History

Fedhas appreciates your contribution to the ecosystem.
Items here: )) [ †.
Okay, then.
Things that are here:
a +0 dagger; an orc corpse
Items here: )) [ †.
Items here: (( )))).
You see here 2 large rocks.
A boulder beetle and a centaur warrior come into view.
Found a runed war axe.
The centaur warrior shouts!
The boulder beetle closely misses you. The centaur warrior hits you.
The centaur warrior kicks you but does no damage.
The boulder beetle attacks as you move away!
The boulder beetle bites you! The centaur warrior closely misses you.
The centaur warrior misses you.
The boulder beetle leaps!
You hit the boulder beetle but do no damage.
The centaur warrior hits you!
The centaur warrior kicks you but does no damage.
The boulder beetle bites you!
Aiming: Ensorcelled Hibernation (safe; 3% risk of failure)
Press: ? - help, Q - select action, (/) - cycle Shift-Dir - straight line, f - boulder beetle
Aim: a boulder beetle (chance to affect: 37%)
Okay, then.
Casting: Ensorcelled Hibernation (safe; 3% risk of failure)
Confirm with . or Enter, or press ? or * to list all spells.
You don't know that spell.
Unknown command.
Casting: Ensorcelled Hibernation (safe; 3% risk of failure)
Confirm with . or Enter, or press ? or * to list all spells.
Okay, then.
As you read the scroll of fear, it crumbles to dust.
You assume a fearsome visage.
The boulder beetle resists with some effort.
The centaur warrior easily resists.
The centaur warrior hits you.
* * * LOW HITPOINT WARNING * * *
The centaur warrior kicks you but does no damage.
The boulder beetle bites you!!
You die...
Fedhas appreciates your contribution to the ecosystem.

### #......'...<..#.#.####.......
..# #..)...####...#.#.####.......
#.####.....# #...#.#....##......
..##....##.####...#.####.##.#####
.###)#......#.#.....# #.##..#...
.###.#...#..#.#..##### #.###.#...
.[...##..............# #.....#...
###### #...#########.# ####..#...
##...##..B@..#.# #.....)
#..#..#..##c.#.# #...###
##..#..##..#..#.# ###.###
#..###..#..##.#.# #####....
##..#.#..##..#)#.# #<...#.##
#..##.##..#..###.# ####.#..#
##..#...#..##..##.# ###.##.#
#..##...##..#..##.#####...##..
##..#..#..#..##..#.....#.#####.


You could see a boulder beetle and a centaur warrior.

Vanquished Creatures
  A hydra (D:8)
  A cyclops (D:8)
  Maggie (D:7)
  Prince Ribbit (D:5)
  A shadow (D:8)
  Eustachio (D:4)
  6 yaks (D:8)
  A wraith (D:8)
  2 steam dragons
  A vampire mosquito (D:8)
  3 wargs (D:8)
  Edmund (D:6)
  An acid dragon (D:8)
  A water moccasin (D:6)
  2 sky beasts (D:7)
  A black bear (D:5)
  2 ice beasts
  3 centaurs
  2 kobold brigands (D:8)
  2 bullfrogs
  3 scorpions
  A necrophage (D:7)
  6 wights
  8 jellies
  6 orc priests
  4 hounds
  Crazy Yiuf (D:5)
  7 iguanas
  Terence (D:3)
  10 orc wizards
  16 adders
  3 gnolls (D:3)
  5 river rats (Sewer)
  3 shadow imps
  5 white imps
  An ufetubus (D:5)
  2 dart slugs
  44 orcs
  7 bats
  19 endoplasms
  5 giant cockroaches
  9 goblins
  6 hobgoblins
  3 jackals (D:2)
  4 quokkas
  11 ball pythons
  7 frilled lizards
  18 kobolds
  18 rats
267 creatures vanquished.

Vanquished Creatures (collateral kills)
  A wight (D:8)
1 creature vanquished.

Vanquished Creatures (others)
  A dancing weapon (D:8)
  23 fungi
  2 plants
26 creatures vanquished.

Grand Total: 294 creatures vanquished

Notes
Turn   | Place    | Note
-------+----------+-------------------------------------------
     0 | D:1      | happo123 the Kobold Enchanter began the quest for the Orb.
     0 | D:1      | Reached XP level 1. HP: 10/10 MP: 3/3
   280 | D:1      | Reached XP level 2. HP: 11/15 MP: 5/5
   287 | D:1      | Learned a level 2 spell: Ensorcelled Hibernation
   512 | D:1      | Found a faded altar of an unknown god.
  1040 | D:1      | Reached XP level 3. HP: 20/20 MP: 6/6
  1044 | D:1      | Learned a level 3 spell: Confusing Touch
  1292 | D:2      | Found a snail-covered altar of Cheibriados.
  1667 | D:2      | Reached XP level 4. HP: 24/24 MP: 1/7
  1850 | D:2      | Reached skill level 1 in Fighting
  2470 | D:3      | Noticed Terence
  2476 | D:3      | Killed Terence
  2539 | D:3      | Reached XP level 5. HP: 29/29 MP: 9/9
  2544 | D:3      | Learned a level 3 spell: Tukima's Dance
  2824 | D:3      | Found a glowing drain.
  2831 | Sewer    | Entered a sewer
  2938 | Sewer    | Reached XP level 6. HP: 33/34 MP: 10/10
  2940 | Sewer    | Reached skill level 5 in Stealth
  4156 | D:4      | Reached XP level 7. HP: 40/40 MP: 12/12
  4417 | D:4      | Found a shadowy altar of Dithmenos.
  4459 | D:4      | Noticed Eustachio
  4461 | D:4      | Reached skill level 5 in Hexes
  4466 | D:4      | Killed Eustachio
  4589 | D:4      | Found Gofranatz's Weapon Shop.
  5011 | D:5      | Entered Level 5 of the Dungeon
  5015 | D:5      | Reached XP level 8. HP: 45/45 MP: 13/13
  5020 | D:5      | Reached skill level 6 in Stealth
  5042 | D:5      | Found an ornate altar of the Wu Jian Council.
  5197 | D:5      | Reached skill level 1 in Armour
  5330 | D:5      | Found a staircase to the Ecumenical Temple.
  5794 | Temple   | Entered the Ecumenical Temple
  5857 | Temple   | Became a worshipper of Fedhas Madash
  6021 | D:5      | Found a hazy altar of Hepliaklqana.
  6091 | D:5      | Noticed Prince Ribbit
  6095 | D:5      | Killed Prince Ribbit
  6146 | D:5      | Found a transporter.
  6190 | D:5      | Found a transporter.
  6393 | D:5      | Reached skill level 5 in Dodging
  6408 | D:5      | Found a runed translucent door.
  6411 | D:5      | Noticed Crazy Yiuf
  6416 | D:5      | Killed Crazy Yiuf
  6972 | D:6      | Reached skill level 5 in Short Blades
  6972 | D:6      | Reached skill level 1 in Invocations
  6972 | D:6      | Reached XP level 9. HP: 52/52 MP: 15/15
  7078 | D:6      | Noticed an oklob plant
  7127 | D:6      | Reached * piety under Fedhas
  7258 | D:6      | Reached skill level 7 in Stealth
  7435 | D:6      | Found Owuik's Jewellery Shop.
  7636 | D:6      | Noticed Edmund
  7652 | D:6      | Killed Edmund
  8111 | D:4      | Bought a +2 hand crossbow of flaming for 237 gold pieces
  8400 | D:7      | Reached skill level 1 in Crossbows
  8617 | D:7      | Reached skill level 5 in Spellcasting
  8692 | D:7      | Noticed Maggie
  8708 | D:7      | Reached ** piety under Fedhas
  8722 | D:7      | Reached XP level 10. HP: 40/57 MP: 17/17
  8750 | D:7      | Killed Maggie
  8779 | D:7      | Reached skill level 5 in Fighting
  9405 | D:8      | Reached skill level 8 in Stealth
  9482 | D:8      | Found a staircase to the Lair.
  9549 | D:8      | HP: 2/59 [steam dragon] (9)]
  9806 | D:8      | Reached *** piety under Fedhas
  9954 | D:8      | Noticed a cyclops
 10000 | D:8      | Killed a cyclops
 10396 | D:8      | Noticed a six-headed hydra
 10429 | D:8      | Killed a six-headed hydra
 10430 | D:8      | Reached XP level 11. HP: 64/64 MP: 19/19
 10577 | D:8      | Reached skill level 9 in Stealth
 10768 | D:8      | Noticed a boulder beetle
 10768 | D:8      | Noticed a centaur warrior
 10773 | D:8      | Slain by a boulder beetle

Illustrated notes

Levels and vault maps discovered:
D:1:      lemuel_arrival_tunnels, layout_basic, basic_ecumenical_altar
D:2:      layout_loops_corners, basic_altar, serial_rivers,
          chequers_serial_rivers_small_a, chequers_serial_rivers_micro_c,
          chequers_serial_rivers_room_b, chequers_serial_rivers_micro_d,
          minmay_fractal_squares_5
D:3:      layout_loops_corners, portal_sewer_entry_d, uniq_terence
D:4:      layout_basic, nicolae_dithmenos_shadow_blocks, serial_shops,
          nicolae_take_the_stairs, solitary_fountain, serial_bayou_pond_d,
          minmay_pentangle, uniq_eustachio
D:5:      gammafunk_wand_slinger, layout_basic, mainiacjoe_overflow_boulevard,
          mainiacjoe_overflow_cross_hatched, minmay_temple_entry_sparse_star,
          uniq_prince_ribbit1, uniq_crazy_yiuf_cottage
D:6:      lemuel_slime, layout_rooms, serial_shops, shop,
          roderic_serpentine_path, kennysheep_dice, uniq_edmund
D:7:      minmay_inner_zag, layout_rooms, uniq_maggie
D:8:      minmay_tri_box, layout_basic, erik_lair_orcish_takeover, uniq_psyche
Temple:   mainiacjoe_temple_coin_purse

Skill      XL: |  1  2  3  4  5  6  7  8  9 10 11 |
---------------+----------------------------------+-----
Short Blades   | 2 3 4 5 7 |  7.3
Fighting       | 1 2 3 4 5 |  5.9
Dodging        | 3 4 5 6 7 |  7.0
Hexes          | 4 5 6 7 8 |  8.7
Spellcasting   | 3 4 5 6 |  6.0
Stealth        | 5 6 7 8 9 |  9.0
Armour         | 1 2 3 |  3.7
Invocations    | 1 2 4 |  4.3
Crossbows      | 1 4 |  4.4

Action                   |  1- 3 |  4- 6 |  7- 9 | 10-12 || total
-------------------------+-------+-------+-------+-------++-------
Melee: Dagger            |    53 |   101 |   188 |   171 ||   513
       Punch             |       |       |     1 |     3 ||     4
 Fire: Hand crossbow     |       |       |    29 |     5 ||    34
 Cast: Ensorcelled Hiber |     7 |    29 |    80 |    56 ||   172
       Confusing Touch   |       |     1 |    15 |    20 ||    36
       Tukima's Dance    |       |       |     1 |     4 ||     5
  Use: Scroll            |       |       |     9 |     3 ||    12
 Stab: Sleeping          |    26 |    50 |    83 |    39 ||   198
       Confused          |       |       |    11 |    12 ||    23
       Distracted        |       |       |     1 |       ||     1
Armor: Robe              |     5 |    16 |       |       ||    21
       Leather armour    |       |       |    28 |    23 ||    51
Dodge: Dodged            |    27 |    46 |    96 |    89 ||   258

Table legend: (Time is in decaauts)
 A = Elapsed time spent in this place.
 B = Non-inter-level travel time spent in this place.
 C = Inter-level travel time spent in this place.
 D = Time resting spent in this place.
 E = Time spent auto-exploring this place.
 F = Levels seen in this place.
 G = Mean time per level.
                   A        B        C        D        E       F      G
               +--------+--------+--------+--------+--------+-----+--------+
         Total |  10742 |   9577 |   1165 |   1748 |   5768 |  10 | 1074.2 |
       Dungeon |  10166 |   9017 |   1149 |   1748 |   5499 |   8 | 1270.8 |
        Temple |    173 |    157 |     16 |      0 |    136 |   1 |  173.0 |
         Sewer |    402 |    402 |      0 |      0 |    132 |   1 |  402.0 |
               +--------+--------+--------+--------+--------+-----+--------+

Top non-repeatable levels by time:
     D:5: 1950 daAuts
     D:8: 1436 daAuts
     D:3: 1258 daAuts
     D:2: 1227 daAuts
     D:1: 1189 daAuts
     D:6: 1165 daAuts
     D:4: 977 daAuts
     D:7: 961 daAuts
   Sewer: 402 daAuts
  Temple: 173 daAuts
